[ AOE2 MATCH · #464314445 ]
Team RMJapanese vs Mongols
[ REPLAY ANALYSIS · EXTRACTED FROM THE RECORDED GAME ]
Feudal
12:00
Castle
25:07
Imperial
46:58
| APM avg | 9.3 |
| APM peak | 26 |
| eAPM avg | 7.5 |
| Villagers / military | 68 / 62 |
Focus
⚔️ 35.8% · 🌾 64.2%
Samurai ×32 · Skirmisher ×11 · Militia ×10 · Scorpion ×6 · Battering Ram ×3
Feudal
12:24
Castle
16:44
Imperial
40:04
| APM avg | 22.2 |
| APM peak | 77 |
| eAPM avg | 12.7 |
| Villagers / military | 128 / 23 |
Focus
⚔️ 20.7% · 🌾 79.3%
Trade Cart ×61 · Bombard Cannon ×16 · Obuch ×5 · Monk ×2
Feudal
17:05
Castle
25:28
Imperial
44:22
| APM avg | 11.6 |
| APM peak | 62 |
| eAPM avg | 9.8 |
| Villagers / military | 91 / 388 |
Focus
⚔️ 25.1% · 🌾 74.9%
Jaguar Warrior ×195 · Eagle Scout ×126 · Archer ×57 · Trebuchet (Packed) ×5 · Petard ×3 · Monk ×2
Feudal
13:16
Castle
20:30
Imperial
40:52
| APM avg | 19.4 |
| APM peak | 54 |
| eAPM avg | 11.6 |
| Villagers / military | 118 / 285 |
Focus
⚔️ 38.5% · 🌾 61.5%
Mangudai ×105 · Scout Cavalry ×97 · Spearman ×34 · Trade Cart ×19 · Cavalry Archer ×16 · Skirmisher ×15
Match map
Initial resources + every placement click. Lines = walls · curves = elevation contours. ◆ gold · ⬟ stone · ● berries · ✦ relic · ◌ wall gap
Your base· ✓ Closed at 25:07 · 43t walls · 3 gate(s) · fragile
SemperBlender's base· ✓ Closed at 16:44 · 8t walls · no gate
Ser128A's base· ✓ Closed at 25:28 · 0t walls · fragile
BigJay's base· ✓ Closed at 20:30 · 60t walls · 4 gate(s)
Smoothed initial terrain · ◌ = detected wall gap · hover for details
Inputs per minute
— PicanteMartinez - - SemperBlender
Build order — PicanteMartinez
First 150 of 189 actions detected
| 0:26 | Create | Villager (Male) |
| 0:26 | Create | Villager (Male) |
| 0:26 | Create | Villager (Male) |
| 0:27 | Create | Villager (Male) |
| 0:28 | Research | Loom |
| 0:56 | Build | House |
| 1:00 | Build | House |
| 1:30 | Create | Villager (Male) |
| 1:55 | Build | Mill |
| 2:30 | Create | Villager (Male) |
| 2:30 | Create | Villager (Male) |
| 2:53 | Create | Villager (Male) |
| 3:45 | Create | Villager (Male) |
| 4:32 | Create | Villager (Male) |
| 5:11 | Build | Lumber Camp |
| 5:29 | Create | Villager (Male) |
| 6:13 | Build | House |
| 6:38 | Build | Palisade Wall |
| 6:49 | Build | Palisade Gate |
| 6:54 | Create | Villager (Male) |
| 6:54 | Create | Villager (Male) |
| 6:55 | Create | Villager (Male) |
| 7:23 | Build | Mill |
| 7:39 | Build | House |
| 8:57 | Build | Barracks |
| 9:40 | Build | Palisade Wall |
| 9:44 | Build | Palisade Wall |
| 9:47 | Create | Villager (Male) |
| 9:47 | Create | Villager (Male) |
| 9:47 | Create | Villager (Male) |
| 9:50 | Research | Feudal Age |
| 9:51 | Research | Feudal Age |
| 10:44 | Build | Palisade Gate |
| 10:51 | Create | Villager (Male) |
| 10:52 | Create | Villager (Male) |
| 10:59 | Build | Lumber Camp |
| 11:31 | Build | Palisade Wall |
| 12:00 | Age | Feudal Age |
| 12:29 | Build | Mining Camp |
| 12:39 | Create | Villager (Male) |
| 12:41 | Create | Villager (Male) |
| 12:51 | Research | Man-at-Arms (upgrade) |
| 12:52 | Create | Militia |
| 13:04 | Create | Villager (Male) |
| 13:04 | Create | Villager (Male) |
| 13:10 | Research | Horse Collar |
| 13:33 | Build | Lumber Camp |
| 13:43 | Build | Farm |
| 13:50 | Build | Farm |
| 13:51 | Build | Farm |
| 13:51 | Build | Farm |
| 14:08 | Build | Farm |
| 14:18 | Build | House |
| 14:31 | Create | Militia |
| 14:31 | Create | Militia |
| 14:31 | Create | Militia |
| 14:32 | Create | Militia |
| 14:43 | Build | House |
| 15:14 | Create | Villager (Male) |
| 15:36 | Build | Blacksmith |
| 16:03 | Create | Villager (Male) |
| 16:07 | Create | Villager (Male) |
| 16:11 | Create | Militia |
| 16:18 | Create | Militia |
| 16:18 | Create | Militia |
| 16:19 | Research | Arson |
| 16:33 | Build | Lumber Camp |
| 16:38 | Create | Villager (Male) |
| 16:40 | Create | Villager (Male) |
| 16:57 | Research | Forging |
| 16:58 | Research | Forging |
| 17:11 | Build | Watch Tower |
| 17:39 | Build | Stone Wall |
| 17:53 | Build | Farm |
| 18:00 | Build | Farm |
| 18:01 | Build | Farm |
| 18:10 | Build | House |
| 18:48 | Create | Villager (Male) |
| 18:49 | Create | Villager (Male) |
| 19:27 | Build | Farm |
| 19:37 | Create | Villager (Male) |
| 19:42 | Build | Mining Camp |
| 20:43 | Research | Wheelbarrow |
| 20:47 | Build | Market |
| 22:14 | Build | Gate |
| 22:27 | Research | Castle Age |
| 23:06 | Build | Lumber Camp |
| 23:25 | Research | Stone Mining |
| 23:45 | Research | Double-Bit Axe |
| 25:07 | Age | Castle Age |
| 25:07 | Create | Militia |
| 25:08 | Create | Militia |
| 25:11 | Research | Squires |
| 25:23 | Create | Villager (Male) |
| 25:24 | Create | Villager (Male) |
| 26:23 | Build | Town Center |
| 26:54 | Research | Hand Cart |
| 27:45 | Build | Castle |
| 28:45 | Build | University |
| 28:54 | Research | Fletching |
| 29:06 | Build | Siege Workshop |
| 29:36 | Create | Samurai ×5 |
| 30:00 | Build | Farm |
| 30:48 | Create | Samurai |
| 30:48 | Create | Samurai |
| 30:55 | Build | Mining Camp |
| 30:57 | Create | Villager (Male) ×5 |
| 31:33 | Create | Villager (Male) ×4 |
| 32:02 | Research | Scale Mail Armor |
| 32:10 | Research | Horse Collar |
| 32:40 | Build | Farm |
| 32:43 | Build | Farm |
| 32:44 | Build | Farm |
| 32:44 | Build | Farm |
| 32:44 | Build | Farm |
| 32:44 | Build | Farm |
| 33:02 | Create | Battering Ram |
| 33:02 | Create | Battering Ram |
| 33:19 | Build | Stone Wall |
| 33:25 | Build | Stone Wall |
| 33:42 | Create | Samurai ×2 |
| 33:51 | Build | Town Center |
| 33:54 | Create | Villager (Male) |
| 33:57 | Research | Gold Mining |
| 34:37 | Build | Stone Wall |
| 34:44 | Create | Samurai |
| 34:44 | Create | Samurai |
| 34:45 | Create | Samurai |
| 34:45 | Create | Samurai |
| 34:45 | Create | Samurai |
| 34:54 | Create | Villager (Male) ×5 |
| 35:34 | Build | Gate |
| 35:42 | Create | Battering Ram |
| 35:51 | Research | Murder Holes |
| 35:54 | Create | Villager (Male) |
| 35:54 | Create | Villager (Male) |
| 35:54 | Create | Villager (Male) |
| 36:31 | Build | Stone Wall |
| 36:46 | Create | Samurai |
| 36:46 | Create | Samurai |
| 36:47 | Research | Padded Archer Armor |
| 36:50 | Create | Villager (Male) |
| 36:54 | Create | Villager (Male) |
| 36:54 | Create | Villager (Male) |
| 37:06 | Build | Monastery |
| 37:20 | Create | Samurai ×4 |
| 37:36 | Build | House |
| 37:37 | Build | House |
| 37:41 | Build | House |
| 37:45 | Research | Town Watch |
Build order — SemperBlender
First 150 of 420 actions detected
| 0:02 | Create | Villager (Male) |
| 0:02 | Create | Villager (Male) |
| 0:02 | Create | Villager (Male) |
| 0:04 | Build | House |
| 0:06 | Build | House |
| 0:08 | Build | House |
| 0:26 | Create | Villager (Male) |
| 1:37 | Create | Villager (Male) |
| 1:53 | Build | Lumber Camp |
| 2:19 | Create | Villager (Male) |
| 2:19 | Create | Villager (Male) |
| 2:41 | Create | Villager (Male) |
| 2:41 | Create | Villager (Male) |
| 2:41 | Create | Villager (Male) |
| 2:43 | Research | Loom |
| 3:36 | Create | Villager (Male) |
| 3:37 | Create | Villager (Male) |
| 3:38 | Create | Villager (Male) |
| 3:42 | Build | House |
| 3:43 | Build | House |
| 3:44 | Build | House |
| 4:22 | Create | Villager (Male) |
| 4:22 | Create | Villager (Male) |
| 5:06 | Create | Villager (Male) |
| 5:07 | Create | Villager (Male) |
| 5:26 | Create | Villager (Male) |
| 5:48 | Create | Villager (Male) |
| 5:49 | Create | Villager (Male) |
| 6:28 | Create | Villager (Male) |
| 6:28 | Create | Villager (Male) |
| 6:58 | Create | Villager (Male) |
| 6:58 | Create | Villager (Male) |
| 7:09 | Build | Mill |
| 7:35 | Create | Villager (Male) |
| 7:54 | Create | Villager (Male) |
| 8:00 | Build | Farm |
| 8:06 | Create | Villager (Male) |
| 8:20 | Create | Villager (Male) |
| 9:11 | Create | Villager (Male) |
| 9:55 | Build | Mining Camp |
| 10:05 | Research | Feudal Age |
| 11:27 | Create | Villager (Male) |
| 11:27 | Create | Villager (Male) |
| 11:47 | Build | Farm |
| 11:50 | Build | Farm |
| 11:54 | Build | Farm |
| 12:04 | Build | Farm |
| 12:24 | Age | Feudal Age |
| 12:41 | Build | Market |
| 12:50 | Build | Stone Wall |
| 13:03 | Create | Villager (Male) |
| 13:11 | Build | Lumber Camp |
| 13:16 | Create | Villager (Male) |
| 13:24 | Build | Blacksmith |
| 13:49 | Research | Double-Bit Axe |
| 14:03 | Research | Castle Age |
| 14:28 | Build | Mining Camp |
| 14:46 | Build | Mining Camp |
| 15:07 | Create | Villager (Male) |
| 15:08 | Research | Horse Collar |
| 15:11 | Research | Gold Mining |
| 15:22 | Research | Stone Mining |
| 15:55 | Create | Trade Cart |
| 16:24 | Build | Farm |
| 16:25 | Build | Farm |
| 16:30 | Build | Farm |
| 16:37 | Create | Trade Cart |
| 16:44 | Age | Castle Age |
| 16:51 | Create | Villager (Male) |
| 16:53 | Create | Villager (Male) |
| 16:56 | Research | Heavy Plow |
| 17:21 | Research | Wheelbarrow |
| 17:41 | Create | Villager (Male) |
| 17:47 | Create | Villager (Male) |
| 17:48 | Create | Villager (Male) |
| 18:06 | Build | House |
| 18:07 | Build | House |
| 18:08 | Build | House |
| 18:09 | Build | House |
| 18:24 | Create | Villager (Male) |
| 18:29 | Research | Stone Shaft Mining |
| 18:39 | Create | Trade Cart |
| 18:42 | Create | Trade Cart |
| 19:05 | Build | Town Center |
| 19:50 | Create | Villager (Male) |
| 19:50 | Create | Villager (Male) |
| 19:57 | Build | Mining Camp |
| 20:22 | Create | Villager (Male) |
| 20:22 | Create | Villager (Male) |
| 20:28 | Create | Villager (Male) |
| 20:28 | Create | Villager (Male) |
| 20:28 | Create | Villager (Male) |
| 20:50 | Build | University |
| 21:09 | Create | Villager (Male) |
| 21:10 | Create | Villager (Male) |
| 21:10 | Create | Villager (Male) |
| 21:25 | Build | Monastery |
| 21:35 | Create | Villager (Male) |
| 21:35 | Create | Villager (Male) |
| 21:58 | Build | Watch Tower |
| 22:00 | Research | Fletching |
| 22:07 | Research | Treadmill Crane |
| 22:10 | Create | Villager (Male) |
| 22:11 | Create | Villager (Male) |
| 22:11 | Create | Villager (Male) |
| 22:26 | Research | Ballistics |
| 22:33 | Build | Farm |
| 22:35 | Create | Villager (Male) |
| 22:35 | Create | Villager (Male) |
| 23:26 | Research | Bodkin Arrow |
| 23:28 | Create | Villager (Male) |
| 23:28 | Create | Villager (Male) |
| 24:24 | Create | Villager (Male) |
| 24:24 | Create | Villager (Male) |
| 24:40 | Create | Villager (Male) |
| 24:40 | Create | Villager (Male) |
| 24:40 | Create | Villager (Male) |
| 24:51 | Build | Market |
| 24:53 | Build | Town Center |
| 25:08 | Build | Castle |
| 25:17 | Create | Villager (Male) |
| 25:17 | Create | Villager (Male) |
| 25:21 | Create | Villager (Male) |
| 25:21 | Create | Villager (Male) |
| 25:29 | Create | Trade Cart |
| 25:30 | Create | Trade Cart |
| 25:30 | Create | Trade Cart |
| 25:31 | Create | Trade Cart |
| 25:32 | Create | Trade Cart |
| 25:39 | Build | House |
| 25:40 | Build | House |
| 25:42 | Build | House |
| 25:43 | Build | House |
| 25:44 | Build | House |
| 25:46 | Create | Monk |
| 25:59 | Create | Villager (Male) |
| 26:00 | Create | Villager (Male) |
| 26:06 | Create | Trade Cart |
| 26:08 | Build | Market |
| 26:10 | Build | Market |
| 26:56 | Build | Castle |
| 27:00 | Create | Trade Cart |
| 27:00 | Create | Trade Cart |
| 27:01 | Create | Trade Cart |
| 27:03 | Create | Villager (Male) |
| 27:04 | Create | Villager (Male) |
| 27:16 | Build | Town Center |
| 27:17 | Create | Villager (Male) |
| 27:18 | Create | Villager (Male) |
| 27:24 | Create | Trade Cart |
Build order — Ser128A
First 150 of 386 actions detected
| 0:21 | Create | Villager (Male) |
| 0:22 | Create | Villager (Male) |
| 0:22 | Create | Villager (Male) |
| 0:23 | Create | Villager (Male) |
| 0:50 | Build | House |
| 0:51 | Build | House |
| 0:53 | Build | House |
| 0:53 | Build | House |
| 0:53 | Build | House |
| 0:54 | Build | House |
| 0:55 | Build | House |
| 0:57 | Build | House |
| 0:57 | Build | House |
| 3:37 | Create | Villager (Male) |
| 3:37 | Create | Villager (Male) |
| 3:38 | Create | Villager (Male) |
| 5:26 | Build | Lumber Camp |
| 5:36 | Create | Villager (Male) |
| 5:37 | Create | Villager (Male) |
| 5:37 | Create | Villager (Male) |
| 8:33 | Build | Mill |
| 8:40 | Create | Villager (Male) |
| 8:40 | Create | Villager (Male) |
| 8:41 | Create | Villager (Male) |
| 8:41 | Create | Villager (Male) |
| 8:42 | Create | Villager (Male) |
| 9:50 | Create | Villager (Male) |
| 9:51 | Create | Villager (Male) |
| 10:20 | Build | Mining Camp |
| 10:25 | Research | Loom |
| 10:46 | Create | Villager (Male) |
| 10:54 | Build | Farm |
| 11:15 | Build | Farm |
| 11:39 | Build | Farm |
| 11:56 | Create | Villager (Male) |
| 11:57 | Create | Villager (Male) |
| 11:57 | Create | Villager (Male) |
| 11:58 | Create | Villager (Male) |
| 11:59 | Create | Villager (Male) |
| 11:59 | Create | Villager (Male) |
| 12:30 | Build | Farm |
| 13:00 | Build | Farm |
| 13:20 | Build | Farm |
| 13:41 | Build | Farm |
| 13:44 | Build | Farm |
| 13:58 | Build | Farm |
| 14:03 | Build | Farm |
| 14:08 | Build | Farm |
| 14:21 | Research | Feudal Age |
| 15:09 | Build | Farm |
| 16:08 | Build | Farm |
| 16:23 | Build | Farm |
| 16:27 | Build | Farm |
| 16:32 | Build | Farm |
| 16:56 | Create | Villager (Male) |
| 16:57 | Create | Villager (Male) |
| 17:05 | Age | Feudal Age |
| 17:06 | Create | Villager (Male) |
| 17:42 | Build | Barracks |
| 17:59 | Build | Farm |
| 18:27 | Research | Horse Collar |
| 18:33 | Research | Gold Mining |
| 18:33 | Research | Stone Mining |
| 18:38 | Research | Double-Bit Axe |
| 18:55 | Create | Eagle Scout ×5 |
| 19:53 | Create | Villager (Male) |
| 19:54 | Research | Wheelbarrow |
| 19:55 | Research | Town Watch |
| 19:56 | Create | Villager (Male) |
| 19:56 | Create | Villager (Male) |
| 20:25 | Build | Blacksmith |
| 21:09 | Build | Market |
| 21:50 | Research | Castle Age |
| 22:03 | Research | Forging |
| 22:03 | Research | Scale Mail Armor |
| 22:18 | Build | House |
| 22:23 | Build | House |
| 22:24 | Build | House |
| 22:24 | Build | House |
| 22:25 | Build | House |
| 22:26 | Build | House |
| 22:27 | Build | House |
| 22:28 | Build | House |
| 22:28 | Build | House |
| 22:29 | Build | House |
| 22:30 | Build | House |
| 22:30 | Build | House |
| 23:10 | Build | Farm |
| 23:29 | Build | Farm |
| 23:48 | Build | Farm |
| 23:59 | Build | Farm |
| 24:54 | Create | Eagle Scout ×4 |
| 25:28 | Age | Castle Age |
| 25:48 | Research | Chain Mail Armor |
| 25:54 | Create | Villager (Male) |
| 25:55 | Create | Villager (Male) |
| 25:55 | Create | Villager (Male) |
| 25:56 | Create | Villager (Male) |
| 25:59 | Create | Villager (Male) |
| 25:59 | Create | Villager (Male) |
| 25:59 | Create | Villager (Male) |
| 26:00 | Create | Villager (Male) |
| 26:00 | Create | Villager (Male) |
| 26:00 | Create | Villager (Male) |
| 26:00 | Create | Villager (Male) |
| 26:01 | Create | Villager (Male) |
| 26:01 | Create | Villager (Male) |
| 26:01 | Create | Villager (Male) |
| 26:01 | Create | Villager (Male) |
| 26:28 | Build | Mining Camp |
| 27:12 | Create | Eagle Scout ×2 |
| 27:31 | Research | Gold Shaft Mining |
| 27:31 | Research | Stone Shaft Mining |
| 27:35 | Research | Heavy Plow |
| 27:42 | Research | Bow Saw |
| 28:13 | Build | Stone Wall |
| 28:22 | Build | Stone Wall |
| 29:25 | Research | Eagle Warrior (upgrade) |
| 29:54 | Create | Eagle Scout ×3 |
| 29:55 | Create | Eagle Scout ×3 |
| 29:55 | Create | Eagle Scout ×3 |
| 30:03 | Build | Mining Camp |
| 30:16 | Build | Farm |
| 30:43 | Build | House |
| 30:44 | Build | House |
| 30:44 | Build | House |
| 30:44 | Build | House |
| 30:44 | Build | House |
| 30:45 | Build | House |
| 30:45 | Build | House |
| 30:46 | Build | House |
| 30:46 | Build | House |
| 30:47 | Build | House |
| 30:47 | Build | House |
| 30:48 | Build | House |
| 30:48 | Build | House |
| 30:48 | Build | House |
| 30:48 | Build | House |
| 30:49 | Build | House |
| 30:49 | Build | House |
| 30:51 | Build | House |
| 30:52 | Build | House |
| 30:53 | Build | House |
| 30:53 | Build | House |
| 31:31 | Research | Hand Cart |
| 31:33 | Research | Town Patrol |
| 31:44 | Create | Eagle Scout ×4 |
| 31:44 | Create | Eagle Scout ×4 |
| 31:52 | Research | Arson |
| 31:55 | Research | Squires |
Build order — BigJay
First 150 of 425 actions detected
| 0:03 | Create | Villager (Male) |
| 0:04 | Create | Villager (Male) |
| 0:05 | Build | House |
| 0:07 | Build | House |
| 0:49 | Create | Villager (Male) |
| 0:50 | Create | Villager (Male) |
| 0:50 | Create | Villager (Male) |
| 1:22 | Research | Loom |
| 1:23 | Create | Villager (Male) |
| 1:23 | Create | Villager (Male) |
| 1:48 | Create | Villager (Male) |
| 1:48 | Create | Villager (Male) |
| 2:06 | Build | Palisade Wall |
| 2:43 | Create | Villager (Male) |
| 2:43 | Create | Villager (Male) |
| 2:44 | Create | Villager (Male) |
| 2:54 | Build | Palisade Wall |
| 3:14 | Build | Palisade Gate |
| 3:29 | Create | Villager (Male) |
| 3:29 | Create | Villager (Male) |
| 3:29 | Create | Villager (Male) |
| 3:30 | Create | Villager (Male) |
| 4:00 | Create | Villager (Male) |
| 4:01 | Create | Villager (Male) |
| 4:22 | Build | Palisade Gate |
| 4:41 | Build | Palisade Wall |
| 4:48 | Create | Villager (Male) |
| 4:48 | Create | Villager (Male) |
| 4:49 | Create | Villager (Male) |
| 5:10 | Create | Villager (Male) |
| 5:10 | Create | Villager (Male) |
| 5:15 | Build | House |
| 5:24 | Create | Villager (Male) |
| 5:24 | Create | Villager (Male) |
| 5:24 | Create | Villager (Male) |
| 5:45 | Create | Villager (Male) |
| 5:46 | Create | Villager (Male) |
| 5:51 | Build | House |
| 6:17 | Build | Palisade Wall |
| 6:21 | Create | Villager (Male) |
| 6:21 | Create | Villager (Male) |
| 6:34 | Create | Villager (Male) |
| 6:34 | Create | Villager (Male) |
| 6:44 | Create | Villager (Male) |
| 6:44 | Create | Villager (Male) |
| 6:45 | Create | Villager (Male) |
| 6:58 | Build | Palisade Wall |
| 7:35 | Create | Villager (Male) |
| 7:35 | Create | Villager (Male) |
| 8:11 | Build | Lumber Camp |
| 8:23 | Create | Villager (Male) |
| 8:23 | Create | Villager (Male) |
| 9:03 | Build | Palisade Wall |
| 9:09 | Build | Palisade Gate |
| 9:17 | Create | Villager (Male) |
| 9:17 | Create | Villager (Male) |
| 9:38 | Build | Mill |
| 9:44 | Create | Villager (Male) |
| 9:47 | Create | Villager (Male) |
| 9:51 | Build | House |
| 10:29 | Build | Palisade Wall |
| 10:36 | Build | Palisade Gate |
| 10:54 | Create | Villager (Male) |
| 11:06 | Research | Feudal Age |
| 11:14 | Build | Farm |
| 11:22 | Build | Farm |
| 11:24 | Build | Farm |
| 11:39 | Build | Lumber Camp |
| 11:47 | Build | Mining Camp |
| 11:59 | Build | House |
| 12:01 | Build | House |
| 13:14 | Create | Villager (Male) |
| 13:16 | Age | Feudal Age |
| 13:18 | Research | Wheelbarrow |
| 13:19 | Create | Villager (Male) |
| 13:37 | Build | Market |
| 13:42 | Create | Villager (Male) |
| 14:24 | Create | Villager (Male) |
| 14:24 | Create | Villager (Male) |
| 14:56 | Build | Blacksmith |
| 15:13 | Build | House |
| 15:14 | Build | House |
| 15:15 | Build | House |
| 15:16 | Build | House |
| 15:17 | Build | House |
| 15:50 | Research | Double-Bit Axe |
| 15:52 | Research | Horse Collar |
| 16:24 | Create | Villager (Male) |
| 16:29 | Create | Villager (Male) |
| 16:37 | Build | Farm |
| 16:38 | Build | Farm |
| 17:27 | Build | Farm |
| 17:36 | Build | Farm |
| 17:50 | Research | Castle Age |
| 18:20 | Build | Palisade Wall |
| 18:26 | Build | Palisade Wall |
| 18:31 | Build | Palisade Wall |
| 18:33 | Build | Palisade Wall |
| 19:00 | Build | Farm |
| 19:06 | Build | Farm |
| 19:18 | Build | Barracks |
| 19:40 | Build | Farm |
| 20:20 | Build | Archery Range |
| 20:30 | Age | Castle Age |
| 20:34 | Research | Hand Cart |
| 20:35 | Create | Villager (Male) |
| 20:36 | Create | Villager (Male) |
| 20:55 | Create | Spearman |
| 20:55 | Create | Spearman |
| 21:04 | Create | Cavalry Archer |
| 21:12 | Create | Villager (Male) |
| 21:44 | Create | Cavalry Archer |
| 21:50 | Create | Villager (Male) |
| 21:51 | Create | Villager (Male) |
| 22:16 | Research | Bow Saw |
| 22:28 | Research | Heavy Plow |
| 22:38 | Create | Cavalry Archer |
| 22:42 | Create | Villager (Male) |
| 22:45 | Research | Fletching |
| 23:21 | Build | Town Center |
| 23:31 | Create | Spearman |
| 23:31 | Create | Spearman |
| 23:32 | Create | Spearman |
| 23:35 | Create | Villager (Male) |
| 23:36 | Create | Villager (Male) |
| 23:41 | Build | House |
| 23:42 | Build | House |
| 23:43 | Build | House |
| 23:45 | Build | House |
| 23:54 | Create | Villager (Male) |
| 24:36 | Research | Thumb Ring |
| 24:38 | Create | Villager (Male) |
| 25:24 | Build | Siege Workshop |
| 25:30 | Create | Villager (Male) |
| 25:30 | Create | Villager (Male) |
| 25:30 | Create | Villager (Male) |
| 26:16 | Build | Farm |
| 26:18 | Create | Battering Ram |
| 26:18 | Create | Battering Ram |
| 26:30 | Create | Villager (Male) |
| 26:31 | Create | Villager (Male) |
| 26:34 | Research | Town Watch |
| 26:35 | Create | Villager (Male) |
| 26:35 | Create | Villager (Male) |
| 26:36 | Create | Villager (Male) |
| 26:44 | Research | Padded Archer Armor |
| 27:02 | Build | Stone Wall |
| 27:07 | Build | Stone Wall |
| 27:11 | Build | Gate |
| 27:21 | Create | Villager (Male) |
Match timeline
| 2:06 | BigJay · wall_segment Palisade Wall x9 |
| 2:54 | BigJay · wall_segment Palisade Wall x9 |
| 4:41 | BigJay · wall_segment Palisade Wall x9 |
| 6:17 | BigJay · wall_segment Palisade Wall x9 |
| 6:38 | PicanteMartinez · wall_segment Palisade Wall x14 |
| 6:58 | BigJay · wall_segment Palisade Wall x10 |
| 8:57 | PicanteMartinez · first_building Barracks |
| 9:03 | BigJay · wall_segment Palisade Wall x8 |
| 9:40 | PicanteMartinez · wall_segment Palisade Wall x4 |
| 9:44 | PicanteMartinez · wall_segment Palisade Wall x5 |
| 10:29 | BigJay · wall_segment Palisade Wall x8 |
| 11:31 | PicanteMartinez · wall_segment Palisade Wall x10 |
| 12:00 | PicanteMartinez · age_up feudal |
| 12:24 | SemperBlender · age_up feudal |
| 12:50 | SemperBlender · wall_segment Stone Wall x8 |
| 13:16 | BigJay · age_up feudal |
| 16:44 | SemperBlender · age_up castle |
| 17:05 | Ser128A · age_up feudal |
| 17:39 | PicanteMartinez · wall_segment Stone Wall x10 |
| 17:42 | Ser128A · first_building Barracks |
| 18:20 | BigJay · wall_segment Palisade Wall x9 |
| 18:26 | BigJay · wall_segment Palisade Wall x1 |
| 18:31 | BigJay · wall_segment Palisade Wall x1 |
| 18:33 | BigJay · wall_segment Palisade Wall x1 |
| 19:18 | BigJay · first_building Barracks |
| 20:20 | BigJay · first_building Archery Range |
| 20:30 | BigJay · age_up castle |
| 21:25 | SemperBlender · first_building Monastery |
| 22:26 | PicanteMartinez · first_market_buy 100 food |
| 23:05 | BigJay · first_market_buy 100 wood |
| 25:07 | PicanteMartinez · age_up castle |
| 25:08 | SemperBlender · first_building Castle |
| 25:24 | BigJay · first_building Siege Workshop |
| 25:28 | Ser128A · age_up castle |
| 26:54 | SemperBlender · first_market_buy 100 stone |
| 27:02 | BigJay · wall_segment Stone Wall x7 |
| 27:07 | BigJay · wall_segment Stone Wall x1 |
| 27:37 | PicanteMartinez · first_market_sell 500 wood |
| 27:45 | PicanteMartinez · first_building Castle |
| 28:13 | Ser128A · wall_segment Stone Wall x9 |
| 28:22 | Ser128A · wall_segment Stone Wall x19 |
| 29:06 | PicanteMartinez · first_building Siege Workshop |
| 30:29 | BigJay · first_building Dock |
| 32:37 | Ser128A · first_building Monastery |
| 33:19 | PicanteMartinez · wall_segment Stone Wall x3 |
| 33:25 | PicanteMartinez · wall_segment Stone Wall x4 |
| 33:36 | BigJay · wall_segment Palisade Wall x1 |
| 33:59 | BigJay · first_building Castle |
| 34:37 | PicanteMartinez · wall_segment Stone Wall x12 |
| 35:16 | SemperBlender · first_market_sell 500 wood |
| 36:01 | BigJay · first_building Stable |
| 36:17 | Ser128A · first_market_buy 100 stone |
| 36:20 | Ser128A · first_market_sell 100 food |
| 36:31 | PicanteMartinez · wall_segment Stone Wall x11 |
| 37:03 | Ser128A · first_building Castle |
| 37:06 | PicanteMartinez · first_building Monastery |
| 37:54 | Ser128A · first_building Archery Range |
| 38:11 | BigJay · first_building Monastery |
| 38:17 | SemperBlender · tribute_sent a jugador 2 |
| 38:17 | SemperBlender · tribute_sent a jugador 3 |
| 38:17 | SemperBlender · tribute_sent a jugador 4 |
| 39:51 | PicanteMartinez · first_building Archery Range |
| 40:04 | SemperBlender · age_up imperial |
| 40:45 | SemperBlender · first_building Siege Workshop |
| 40:52 | BigJay · age_up imperial |
| 41:26 | BigJay · wall_segment Stone Wall x13 |
| 44:22 | Ser128A · age_up imperial |
| 46:58 | PicanteMartinez · age_up imperial |
| 47:38 | PicanteMartinez · resign |
| 58:38 | BigJay · first_market_sell 500 food |
| 62:39 | SemperBlender · first_building Barracks |
| 63:23 | BigJay · wall_segment Stone Wall x8 |
[ AI ANALYSIS · 1 CREDIT ]
What really happened in this match?
Wolo.gg analyzes every decision: build order, eco, micro, common mistakes by bracket. Personalized analysis on WhatsApp or Discord in 30 seconds.
Civ guide
Japanese
Map guide
Black Forest
Perfil
PicanteMartinez